Description

INnoVation's standard tvp build

Replay - INnoVation v Stats: Game 2 - Overgrowth LE (Void)

Build Order

Get SALT Encoding   

  12  0:00  SCV  
  13  0:12  SCV  
  14  0:17  Supply Depot  
  14  0:24  SCV  
  14  0:27  Refinery  
  15  0:39  SCV  
  16  0:44  Barracks  
  16  0:51  SCV  
  17  1:03  SCV  
  18  1:15  SCV  
  19  1:31  Reaper, Orbital Command  
  20  1:41  Command Center  
  20  1:52  Factory  
  20  1:56  SCV  
  21  2:05  Refinery, Barracks Reactor  
  21  2:08  SCV  
  21  2:13  Supply Depot  
  22  2:20  SCV  
  24  2:37  Starport  
  24  2:41  Widow Mine  
  24  2:42  Marine x2  
  29  2:53  Orbital Command  
  28  3:00  Marine x2  
  31  3:12  Widow Mine  
  34  3:13  Medivac  
  34  3:18  Marine x2  
  40  3:27  Barracks  
  40  3:30  Supply Depot  
  40  3:36  Marine  
  40  3:38  Marine  
  44  3:41  Factory Tech Lab  
  46  3:51  Barracks  
  46  3:56  Supply Depot  
  46  3:57  Marine x2  
  50  4:03  Starport Tech Lab  
  49  4:10  Engineering Bay  
  53  4:21  Stimpack  
  53  4:23  Factory Reactor  
  54  4:28  Starport Reactor  
  54  4:31  Supply Depot  
  56  4:39  Terran Infantry Weapons Level 1  
  56  4:41  Refinery  
  56  4:43  Combat Shields  
  64  5:01  Widow Mine x2  
  70  5:14  Medivac x2  
  76  5:17  Refinery  
  80  5:33  Widow Mine  
  85  5:39  Liberator x2  
  85  5:43  Widow Mine  
  85  5:45  Missile Turret x2  
  96  6:04  Widow Mine  
  102  6:19  Widow Mine  
  102  6:21  Liberator  
  102  6:22  Liberator  
  109  6:37  Terran Infantry Armor Level 1  
  117  6:51  Widow Mine x2  
Spawning Tool Build Advisor. Get it on Overwolf

Analysis

memes

Go to:

Details

  • Created by: Aggression
  • Published on: Jan 14, 2017
  • Modified on: Jan 14, 2017
  • Patch: 3.8.0
Show
View Real Time Build Order
Export as new Build Order

Comments (0)

There are no comments. Be the first!

Create an account to comment!